 Dungeon Crawl Stone Soup version 0.16-a0-3049-g2a447e9 (webtiles) character file.

225815 MackTheKnife the Executioner (level 19, 0/187 HPs)
             Began as a Minotaur Berserker on Dec 9, 2014.
             Was a High Priest of Trog.
             Slain by the Serpent of Hell (15 damage)
             ... on level 7 of Gehenna.
             The game lasted 01:36:47 (27242 turns).

MackTheKnife the Executioner (Minotaur Berserker)  Turns: 27242, Time: 01:36:47

Health: 0/187      AC: 37    Str: 29    XL:     19   Next: 0%
Magic:  16/16      EV: 19    Int:  2    God:    Trog [*****.]
Gold:   1896       SH:  0    Dex: 21    Spells: 0 memorised, 18 levels left

rFire  + + .     SeeInvis .     a - +9 executioner's axe (vamp) (curse)
rCold  . . .     Clarity  .     E - +7 plate armour "Zuyduobro" {Slay+5} (curse)
rNeg   + . .     SustAb   .     (no shield)
rPois  .         Gourm    .     x - +1 hat
rElec  +         Spirit   .     l - +1 cloak
rCorr  .         Warding  +     U - +2 pair of gloves {Str+3}
rMut   .         Stasis   .     I - +2 pair of boots
MR     +....                    M - amulet of warding
Stlth  ..........               c - ring "Vukhli" {rF+ Str+4 Dex+3}
                                v - ring of Qeshi {rElec rF+ MP+9 Stlth-}

@: studying Stealth, somewhat resistant to hostile enchantments, extremely
unstealthy
A: retaliatory headbutt, horns 2, talons 1, icy blue scales 1, molten scales 1,
breathe flames 1, dopey 1, shaggy fur 1, slow healing 1, spit poison 1
a: Spit Poison, Burn Spellbooks, Berserk, Trog's Hand, Brothers in Arms,
Renounce Religion, Breathe Fire


You were on level 7 of Gehenna.
You worshipped Trog.
Trog was extremely pleased with you.
You were not hungry.

You visited 6 branches of the dungeon, and saw 31 of its levels.
You visited the Abyss 1 time.
You also visited: Labyrinth and Bailey.

You collected 3840 gold pieces.
You spent 1944 gold pieces at shops.


Innate Abilities, Weirdness & Mutations

You reflexively headbutt those who attack you in melee.
You have a pair of horns on your head.
You have sharp toenails.
You are partially covered in icy blue scales (AC +1).
You are partially covered in molten scales (AC +1).
You can breathe flames.
You are dopey. (Int -2)
You are covered in fur (AC +1).
You heal slowly when monsters are visible.
You can spit poison.


   Skills:
 + Level 20.7 Fighting
 - Level 26.3 Axes
 - Level 15.1 Armour
 - Level 14.6 Dodging


You had 18 spell levels left.
You didn't know any spells.

Inventory:

Hand weapons
 a - a cursed +9 vampiric executioner's axe (weapon)
 t - a +3 executioner's axe of flaming
Armour
 l - a +1 cloak (worn)
 x - a +1 hat (worn)
 E - the cursed +7 plate armour "Zuyduobro" (worn) {Slay+5}
   (You bought it in a shop on level 4 of the Orcish Mines)

   It affects your accuracy and damage with ranged weapons and melee attacks
   (+5).
   It has a curse placed upon it.
 I - a +2 pair of boots (worn)
 U - a +2 pair of gloves of strength (worn)
Jewellery
 c - the ring "Vukhli" (right hand) {rF+ Str+4 Dex+3}
   (You took it off a deep elf death mage on level 3 of the Elven Halls)

   [ring of protection from fire]

   It affects your strength (+4).
   It affects your dexterity (+3).
   It protects you from fire.
 v - the ring of Qeshi (left hand) {rElec rF+ MP+9 Stlth-}
   (You took it off a minotaur in a labyrinth)

   [ring of magical power]

   It protects you from fire.
   It insulates you from electricity.
   It affects your magic capacity (+9).
   It makes you less stealthy.
 C - an uncursed ring of protection from cold
 M - an amulet of warding (around neck)
Magical devices
 d - a wand of draining (3)
 h - a wand of hasting (5)
 q - a wand of disintegration (9)
 u - a wand of teleportation (5)
 y - a wand of draining (5)
 R - a wand of slowing (31)
Scrolls
 g - 13 scrolls of remove curse
 i - 2 scrolls of identify
 G - a scroll of fear
 L - a scroll of fog
 O - a scroll of summoning
 Y - 5 scrolls of recharging
Potions
 b - 2 potions of curing
 e - a potion of haste
 k - a potion of agility
 n - 3 potions of might
 r - 4 potions of ambrosia {!q!e}
 s - a potion of restore abilities
 w - a potion of flight
 A - a potion of magic
 H - a potion of cure mutation
 N - 2 potions of brilliance
 W - 2 potions of berserk rage
Books
 T - a manual of Stealth {!d}
Miscellaneous
 p - the horn of Geryon
 S - a sack of spiders
 V - a lamp of fire
Comestibles
 f - 2 meat rations
 j - 2 royal jellies
 m - 3 beef jerkies
 o - a slice of pizza
 z - 2 fruits

≈≈≈≈≈≈≈≈≈≈*,,,,,*≈#≈#≈≈≈≈≈≈≈≈≈≈≈≈
≈≈≈≈≈≈≈≈≈≈**#.##*≈≈≈≈≈≈≈≈≈≈≈≈≈≈≈≈
++**≈≈≈≈≈**.#'#.###≈≈≈≈≈≈≈≈≈≈≈**+
,,,***+***........#≈≈≈≈≈**++##*,,
,,,**,,,*,........###.##*,...#*,,
,*,,+,*,*#,........#...##....#,,*
*,***,,,,+...#....##..)'..#,,+,,,
,*,,+,*,##....#....D.#)###.#*+**,
,,,**,,,#.......HD##.D....#,,+,,,
,,,***+*##.........#...##....#,,*
++**≈≈≈≈≈#.........#####*,...#*,,
≈≈≈≈≈≈≈≈≈###.#+#....#####**###*,,
≈≈≈≈≈≈≈≈≈≈≈#**,###......#######**
≈≈≈≈≈≈≈≈≈≈≈*,,,,,##....#..)...###
≈≈≈≈≈≈≈≈≈≈≈+,,*,,*#..≈≈#.#....)).
≈≈≈≈≈≈≈≈≈≈≈*,,,,,*#.)#≈≈≈≈≈≈≈..##
≈≈≈≈≈≈≈≈≈≈≈**+*+**##).≈≈#≈≈≈≈#≈#≈


You could see the Serpent of Hell and a shadow dragon.


Message History

You headbutt the Serpent of Hell, but do no damage.
The Serpent of Hell bites you!!
* * * LOW HITPOINT WARNING * * *
You are engulfed in flames!
You resist.
* * * LOW HITPOINT WARNING * * *
The Serpent of Hell bites you but does no damage.
The Serpent of Hell completely misses you.
The Serpent of Hell misses you.
Use which ability? (? or * to list)
Okay, then.
The Serpent of Hell roars!
A dragon appears.
You open the door.
There is an open door here.
The Serpent of Hell breathes flames at you.
The blast of flame hits you! You resist.
* * * LOW HITPOINT WARNING * * *
The Serpent of Hell breathes fire at you.
The fireball explodes!
The fireball hits you! You resist.
* * * LOW HITPOINT WARNING * * *
The Serpent of Hell breathes hellfire at you.
The hellfire explodes!
The blast of hellfire hits you!
* * * LOW HITPOINT WARNING * * *
You close the door.
The Serpent of Hell bursts through the door, destroying it!
Read which item? (? for menu, Esc to quit)
Okay, then.
Drink which item? (? for menu, Esc to quit)
You feel better. The Serpent of Hell bites you!
You die...

Action                   |  1- 3 |  4- 6 |  7- 9 | 10-12 | 13-15 | 16-18 | 19-21 || total
-------------------------+-------+-------+-------+-------+-------+-------+-------++-------
Melee: Hand axe          |    89 |     3 |       |       |       |       |       ||    92
       War axe           |       |    90 |   226 |       |       |       |       ||   316
       Executioner's axe |       |       |   105 |   543 |   596 |   973 |       ||  2217
Invok: Berserk           |     1 |     2 |     5 |     4 |     2 |     9 |       ||    23
       Trog's Hand       |       |       |     1 |     8 |    34 |    30 |       ||    73
       Burn Spellbooks   |       |       |       |     1 |     4 |     3 |       ||     8
       Brothers in Arms  |       |       |       |     6 |    19 |     6 |       ||    31
 Abil: Spit Poison       |       |       |     1 |       |       |       |       ||     1
Evoke: Wand              |       |       |       |     1 |     8 |     4 |     1 ||    14
       Horn of Geryon    |       |       |       |       |       |     1 |       ||     1
  Use: Scroll            |       |       |    18 |    12 |    21 |    15 |       ||    66
       Potion            |       |       |     5 |     5 |    18 |     7 |     1 ||    36
 Stab: Distracted        |       |       |       |     1 |     1 |     2 |       ||     4
       Invisible         |       |       |       |     1 |       |       |       ||     1
       Sleeping          |       |       |       |       |       |     1 |       ||     1
  Eat: Chunk             |     4 |     7 |    12 |    17 |     4 |     2 |       ||    46
       Bread ration      |       |       |     2 |     1 |     4 |     1 |       ||     8
       Beef jerky        |       |       |     1 |     1 |       |       |       ||     2
       Meat ration       |       |       |       |     2 |     1 |     7 |       ||    10

Vault maps used:
D:1:      dpeg_arrival_renting, corexii_hall_statues_s
D:2:      serial_bayou, serial_bayou_lake_a, serial_bayou_pond_d,
          serial_bayou_ford_a, serial_bayou_shore_a, serial_bayou_pond_a,
          serial_bayou_shore_b
D:3:      first_bread
D:4:      serial_shops, nicolae_shop_statue_plus
D:5:      minmay_misc_feat_rows, uniq_natasha, uniq_prince_ribbit1, uniq_grinder
D:6:      evilmike_ruin_ashenzari, grunt_temple_overflow_diamond,
          minmay_temple_entry_poolview, minmay_misc_feat_x,
          hangedman_decor_points
D:7:      nicolae_overflow_hidden_temple, enter_bailey_3, uniq_sigmund
D:8:      uniq_maurice, uniq_pikel, uniq_joseph
D:9:      nicolae_gozag_zags_fifth_avenue, dpeg_oklobed_lair, serial_shops,
          kennysheep_mini
D:10:     orc_0_dummy
D:11:     uniq_psyche, uniq_urug
D:12:     hangedman_cross_cluster, serial_shops, nicolae_shop_waterfront,
          uniq_erica, uniq_grum
D:13:     lab_entry_generic
D:14:     david_vaults_2, serial_park_gazebo, serial_shops, shop
D:15:     grunt_enter_depths_magical_seal, nicolae_ru_sacrificial_ziggurat,
          roderic_roman_lattice
Orc:1:    serial_shops, shop, shop, nicolae_orc_flooded_monolith, uniq_snorg
Orc:2:    serial_shops, shop
Orc:3:    nicolae_orc_pool_cavern, uniq_gastronok
Orc:4:    lemuel_ogre_cave, grunt_orc_tribal_feast
Elf:1:    minmay_elf_necromancy, spider_trap
Elf:2:    portal_ice_cave_entry_animals_and_master,
          nicolae_trove_entry_crossroad, hangedman_summoners_spam
Elf:3:    grunt_elf_hall_diamonds, serial_shops, shop, uniq_aizul
Depths:1: hell_entry, serial_sigils_hangedman_scar, cheibriados_altar_1
Geh:1:    grunt_deathspiral_small, lemuel_flamethrower_3
Geh:2:    hangedman_hellfire_club
Geh:7:    geh_hangedman
Lab:      labyrinth_mini_lab, labyrinth_skeletal_remains, nicolae_lab_garden,
          nicolae_lab_dead_end
Bailey:   bailey_axe_2, bailey

Notes
Turn   | Place    | Note
--------------------------------------------------------------
     0 | D:1      | MackTheKnife, the Minotaur Berserker, began the quest for the Orb.
     0 | D:1      | Reached XP level 1. HP: 19/19 MP: 1/1
   292 | D:1      | Reached skill level 4 in Axes
   484 | D:1      | Reached XP level 2. HP: 23/26 MP: 1/1
   913 | D:1      | Acquired Trog's second power
   963 | D:2      | Reached skill level 5 in Axes
  1014 | D:2      | Reached XP level 3. HP: 31/31 MP: 2/2
  2098 | D:3      | Reached skill level 6 in Axes
  2098 | D:3      | Reached XP level 4. HP: 37/39 MP: 2/2
  2548 | D:3      | Reached skill level 7 in Axes
  2548 | D:3      | Reached XP level 5. HP: 38/45 MP: 2/2
  2856 | D:4      | Found Qeckogga's Armour Shop.
  2889 | D:4      | Acquired Trog's third power
  2896 | D:4      | Reached skill level 8 in Axes
  2941 | D:4      | Reached XP level 6. HP: 51/51 MP: 3/3
  3059 | D:4      | Reached skill level 9 in Axes
  3819 | D:5      | Entered Level 5 of the Dungeon
  3819 | D:5      | Noticed UristPineapples' ghost (average FeTm)
  3835 | D:5      | Killed UristPineapples' ghost
  3835 | D:5      | Reached XP level 7. HP: 57/57 MP: 3/3
  4176 | D:5      | Noticed Grinder
  4192 | D:5      | Reached skill level 10 in Axes
  4197 | D:5      | Killed Grinder
  4197 | D:5      | Reached skill level 11 in Axes
  4307 | D:5      | Gained mutation: You are dopey. (Int -2) [potion of mutation]
  4307 | D:5      | Gained mutation: You heal slowly when monsters are visible. [potion of mutation]
  4307 | D:5      | Gained mutation: You can spit poison. [potion of mutation]
  4348 | D:5      | Gained mutation: You can breathe flames. [potion of mutation]
  4348 | D:5      | Gained mutation: You are frail (-10% HP). [potion of mutation]
  4349 | D:5      | Lost mutation: You are frail (-10% HP). [potion of mutation]
  4349 | D:5      | Gained mutation: You have sharp toenails. [potion of mutation]
  4349 | D:5      | Gained mutation: You are covered in fur (AC +1). [potion of mutation]
  4442 | D:5      | Noticed Natasha
  4449 | D:5      | Killed Natasha
  4577 | D:5      | Noticed Natasha
  4581 | D:5      | Reached XP level 8. HP: 50/64 MP: 3/3
  4590 | D:5      | Killed Natasha
  4773 | D:5      | Noticed Prince Ribbit
  4796 | D:5      | Killed Prince Ribbit
  4796 | D:5      | Reached skill level 12 in Axes
  4807 | D:5      | Noticed Natasha
  4810 | D:5      | Killed Natasha
  4850 | D:5      | Reached skill level 4 in Fighting
  4926 | D:5      | Reached skill level 5 in Fighting
  5245 | D:6      | Found a staircase to the Ecumenical Temple.
  5259 | D:6      | Found a shattered altar of Ashenzari.
  5336 | D:6      | Reached skill level 6 in Fighting
  5578 | D:6      | Reached skill level 7 in Fighting
  5756 | D:6      | Reached skill level 8 in Fighting
  5770 | D:6      | Reached XP level 9. HP: 57/82 MP: 4/4
  6034 | D:6      | Got a glittering iron ring
  6267 | D:6      | Identified the cursed ring "Phel" {Ice Str+3 Dex+3} (You took it off a kobold on level 6 of the Dungeon)
  6379 | D:6      | Found a deep blue altar of Sif Muna.
  6382 | D:6      | Found a white marble altar of Elyvilon.
  6385 | D:6      | Found a snail-covered altar of Cheibriados.
  6518 | D:7      | Noticed Sigmund
  6527 | D:7      | Reached skill level 9 in Fighting
  6529 | D:7      | Killed Sigmund
  6585 | D:7      | Found a flagged portal.
  6588 | D:7      | Found a basalt altar of Yredelemnul.
  6592 | Bailey   | Entered a bailey
  6610 | Bailey   | Received a gift from Trog
  7015 | D:7      | Reached skill level 13 in Axes
  7505 | D:7      | Gained mutation: You are partially covered in molten scales (AC +1). [potion of beneficial mutation]
  7506 | D:7      | Gained mutation: You are partially covered in icy blue scales (AC +1). [potion of beneficial mutation]
  7514 | D:8      | Reached skill level 14 in Axes
  7543 | D:8      | Noticed Maurice
  7616 | D:8      | Noticed Joseph
  7625 | D:8      | Killed Joseph
  7625 | D:8      | Received a gift from Trog
  7625 | D:8      | Reached XP level 10. HP: 91/91 MP: 4/4
  7652 | D:8      | Killed Maurice
  7657 | D:8      | Noticed Pikel
  7663 | D:8      | Killed Pikel
  7663 | D:8      | Reached skill level 15 in Axes
  8115 | D:9      | Found Gozag's Platinum Reserve.
  8120 | D:9      | Found an opulent altar of Gozag.
  8230 | D:9      | Found Foguba's Distillery.
  8233 | D:9      | Bought a potion of heal wounds for 65 gold pieces
  8233 | D:9      | Bought a potion of heal wounds for 65 gold pieces
  8766 | D:9      | Reached skill level 16 in Axes
  9419 | D:9      | Found a staircase to the Lair.
  9433 | D:9      | Received a gift from Trog
  9614 | D:10     | Entered Level 10 of the Dungeon
  9666 | D:10     | Killed an unseen horror
  9666 | D:10     | Reached skill level 17 in Axes
  9732 | D:10     | Reached XP level 11. HP: 97/97 MP: 4/4
  9840 | D:10     | Found a staircase to the Orcish Mines.
 10455 | Orc:1    | Entered Level 1 of the Orcish Mines
 10494 | Orc:1    | Noticed Snorg
 10499 | Orc:1    | Found Strakian's Gadget Shop.
 10505 | Orc:1    | Killed Snorg
 10505 | Orc:1    | Reached skill level 18 in Axes
 10615 | Orc:1    | Received a gift from Trog
 10694 | Orc:1    | Found Qenn's Magic Scroll Shoppe.
 10937 | Orc:2    | Found Frouc's Book Shoppe.
 11023 | Orc:2    | Received a gift from Trog
 11338 | Orc:3    | Found a staircase to the Elven Halls.
 11533 | Orc:3    | Noticed Gastronok
 11548 | Orc:3    | Killed Gastronok
 11548 | Orc:3    | Reached skill level 19 in Axes
 11650 | Orc:3    | Received a gift from Trog
 12040 | Orc:4    | Entered Level 4 of the Orcish Mines
 12061 | Orc:4    | Noticed an ettin
 12067 | Orc:4    | HP: 8/97 [ettin/dire flail (4)]
 12068 | Orc:4    | Killed an ettin
 12205 | Orc:4    | Received a gift from Trog
 12270 | Orc:4    | Paralysed by an orc sorcerer for 6 turns
 12533 | Orc:4    | Reached XP level 12. HP: 96/104 MP: 5/5
 12537 | Orc:4    | Reached skill level 20 in Axes
 12553 | Orc:4    | Noticed an ogre mage
 12578 | Orc:4    | Killed an ogre mage
 12675 | Orc:4    | Received a gift from Trog
 12909 | Orc:4    | Received a gift from Trog
 13131 | Orc:4    | Reached skill level 3 in Armour
 13171 | Orc:4    | Noticed an orc high priest
 13186 | Orc:4    | Killed an orc high priest
 13186 | Orc:4    | Reached skill level 4 in Armour
 13195 | Orc:4    | Reached skill level 5 in Armour
 13196 | Orc:4    | Noticed an orc high priest
 13198 | Orc:4    | Found Bloxuoc's Antique Weapon Emporium.
 13198 | Orc:4    | Noticed an orc high priest
 13203 | Orc:4    | Reached skill level 6 in Armour
 13484 | Orc:4    | Noticed an orc warlord
 13495 | Orc:4    | Killed an orc warlord
 13495 | Orc:4    | Reached skill level 8 in Armour
 13497 | Orc:4    | Received a gift from Trog
 13595 | Orc:4    | Killed an orc high priest
 13599 | Orc:4    | Killed an orc high priest
 13599 | Orc:4    | Reached skill level 9 in Armour
 13601 | Orc:4    | Found Pnaoz's Antique Armour Shop.
 13602 | Orc:4    | Found Shiampel's Antique Weapon Emporium.
 13604 | Orc:4    | Found Psauxkar's Food Shop.
 13633 | Orc:4    | Bought a transparent plate armour for 812 gold pieces
 13633 | Orc:4    | Bought a pair of embroidered gloves for 130 gold pieces
 13633 | Orc:4    | Bought a pair of runed boots for 130 gold pieces
 13713 | Orc:4    | Identified the +7 plate armour "Zuyduobro" {Slay+5} (You bought it in a shop on level 4 of the Orcish Mines)
 13873 | Elf:1    | Entered Level 1 of the Elven Halls
 14201 | Elf:1    | Reached skill level 10 in Armour
 14282 | Elf:1    | Reached skill level 10 in Fighting
 14410 | Elf:1    | Noticed a deep elf death mage
 14414 | Elf:1    | Reached XP level 13. HP: 85/114 MP: 5/5
 14420 | Elf:1    | Killed a deep elf death mage
 14687 | Elf:1    | Reached skill level 11 in Fighting
 14775 | Elf:2    | Noticed a deep elf demonologist
 14792 | Elf:2    | Cast into the Abyss (a deep elf demonologist)
 14867 | Abyss:1  | Found a corrupted altar of Lugonu.
 14892 | Abyss:1  | Found a corrupted altar of Lugonu.
 15018 | Abyss:1  | Reached skill level 12 in Fighting
 15046 | Abyss:1  | Received a gift from Trog
 15425 | Abyss:1  | Noticed a tentacled starspawn
 15431 | Abyss:1  | Killed a tentacled starspawn
 15431 | Abyss:1  | Reached skill level 13 in Fighting
 15436 | Abyss:1  | Noticed a lich
 15440 | Abyss:1  | Killed a lich
 15518 | Abyss:1  | Noticed a tentacled starspawn
 15524 | Abyss:1  | Killed a tentacled starspawn
 15609 | Abyss:1  | Reached skill level 14 in Fighting
 15686 | Abyss:1  | Noticed a red very ugly thing
 15695 | Abyss:1  | Killed a red very ugly thing
 15859 | Abyss:1  | Reached skill level 15 in Fighting
 15928 | Abyss:1  | Noticed a bone dragon
 15963 | Abyss:1  | Noticed a starcursed mass
 16013 | Abyss:1  | Killed a starcursed mass
 16016 | Abyss:1  | Killed a starcursed mass
 16020 | Abyss:1  | Killed a starcursed mass
 16059 | Abyss:1  | Killed a starcursed mass
 16264 | Abyss:1  | Found a corrupted altar of Lugonu.
 16312 | Abyss:1  | Noticed a tentacled starspawn
 16316 | Abyss:1  | Killed a tentacled starspawn
 16363 | Abyss:1  | Reached XP level 14. HP: 110/136 MP: 5/5
 16466 | Abyss:1  | Reached skill level 16 in Fighting
 16490 | Abyss:1  | Found a corrupted altar of Lugonu.
 16504 | Abyss:1  | Noticed a lich
 16579 | Elf:2    | Escaped the Abyss
 16582 | Elf:2    | Killed a deep elf demonologist
 16613 | Elf:2    | Reached skill level 21 in Axes
 16934 | Elf:2    | Found a runed gate.
 16935 | Elf:2    | Found a runed gate.
 16939 | Elf:2    | Found a runed gate.
 17014 | Elf:2    | Found a portal to a secret trove of treasure.
 17192 | Elf:2    | Found a deep blue altar of Sif Muna.
 17251 | Elf:2    | Reached skill level 22 in Axes
 17432 | Elf:3    | Entered Level 3 of the Elven Halls
 17515 | Elf:3    | Found Ucugeps' Antique Armour Boutique.
 17641 | Elf:3    | Bought a glowing hat for 176 gold pieces
 17687 | Elf:3    | Noticed a deep elf sorcerer
 17694 | Elf:3    | Noticed a deep elf master archer
 17705 | Elf:3    | Killed a deep elf sorcerer
 17714 | Elf:3    | Killed a deep elf master archer
 17888 | Elf:3    | Noticed a deep elf sorcerer
 17906 | Elf:3    | Killed a deep elf sorcerer
 17921 | Elf:3    | Noticed a deep elf sorcerer
 17924 | Elf:3    | Noticed a deep elf blademaster
 17932 | Elf:3    | Killed a deep elf sorcerer
 17932 | Elf:3    | Reached skill level 23 in Axes
 17943 | Elf:3    | Killed a deep elf blademaster
 17943 | Elf:3    | Reached XP level 15. HP: 125/144 MP: 6/6
 18085 | Elf:3    | Noticed a deep elf blademaster
 18093 | Elf:3    | Killed a deep elf blademaster
 18113 | Elf:3    | Noticed a deep elf sorcerer
 18123 | Elf:3    | Killed a deep elf sorcerer
 18228 | Elf:3    | Got an ichor-stained chain mail
 18232 | Elf:3    | Noticed Aizul
 18250 | Elf:3    | Received a gift from Trog
 18294 | Elf:3    | Killed Aizul
 18294 | Elf:3    | Reached skill level 24 in Axes
 18862 | Elf:3    | Got a scintillating marble ring
 18865 | Elf:3    | Noticed a deep elf sorcerer
 18873 | Elf:3    | Killed a deep elf sorcerer
 18909 | Elf:3    | Identified the ring "Vukhli" {rF+ Str+4 Dex+3} (You took it off a deep elf death mage on level 3 of the Elven Halls)
 18920 | Elf:3    | Noticed a deep elf sorcerer
 18929 | Elf:3    | Killed a deep elf sorcerer
 19417 | Elf:3    | Got an encrusted ring mail
 19600 | Orc:1    | Bought a scroll of identify for 24 gold pieces
 19600 | Orc:1    | Bought a scroll of identify for 24 gold pieces
 19600 | Orc:1    | Bought a scroll of identify for 24 gold pieces
 19600 | Orc:1    | Bought 2 scrolls of identify for 48 gold pieces
 19600 | Orc:1    | Bought a scroll of identify for 24 gold pieces
 19600 | Orc:1    | Bought a scroll of enchant weapon for 90 gold pieces
 19613 | Orc:1    | Identified the +2 ring mail "Quresuro" {+Fly rCorr Stlth+} (You found it on level 3 of the Elven Halls)
 19625 | Orc:1    | Identified the +6 chain mail of the Ladybird {rC+ Curse} (You found it on level 3 of the Elven Halls)
 19759 | D:11     | Reached skill level 3 in Dodging
 19789 | D:11     | Noticed Urug
 19800 | D:11     | Killed Urug
 19817 | D:11     | Noticed Psyche
 19820 | D:11     | Killed Psyche
 19856 | D:11     | Reached skill level 4 in Dodging
 20215 | D:11     | Reached skill level 5 in Dodging
 20417 | D:12     | Noticed Grum
 20420 | D:12     | Killed Grum
 20497 | D:12     | Reached skill level 6 in Dodging
 20531 | D:12     | Reached skill level 11 in Armour
 20532 | D:12     | Noticed Erica
 20598 | D:12     | Lost intelligence.
 20610 | D:12     | Received a gift from Trog
 20611 | D:12     | Reached skill level 7 in Dodging
 20698 | D:12     | Killed Erica
 20698 | D:12     | Reached XP level 16. HP: 151/151 MP: 6/6
 20717 | D:12     | Received a gift from Trog
 20742 | D:12     | Reached skill level 8 in Dodging
 20999 | D:12     | Reached skill level 9 in Dodging
 21238 | D:12     | Reached skill level 12 in Armour
 21319 | D:12     | Found Iseuc's Armour Boutique.
 21407 | D:13     | Received a gift from Trog
 21418 | D:13     | Found a labyrinth entrance.
 21437 | Lab      | Entered a labyrinth
 21921 | Lab      | Got a scorched iron ring
 21943 | Lab      | Identified the ring of Qeshi {rElec rF+ MP+9 Stlth-} (You took it off a minotaur in a labyrinth)
 22135 | D:13     | Got a translucent glass ring
 22136 | D:13     | Identified the ring of Conversion {-Tele +Fly Str+1} (You found it on level 13 of the Dungeon)
 22174 | D:13     | Reached skill level 10 in Dodging
 22629 | D:14     | Reached skill level 11 in Dodging
 22973 | D:14     | Found a gate to the Vaults.
 22989 | D:14     | Reached skill level 13 in Armour
 23087 | D:14     | Found Zopeyrer's Antique Armour Shoppe.
 23093 | D:14     | Bought a warped chain mail for 332 gold pieces
 23093 | D:14     | Identified the -8 chain mail "Jorgh" {+Rage rN+ Int+2 Dex+2} (You bought it in a shop on level 14 of the Dungeon)
 23258 | D:15     | Entered Level 15 of the Dungeon
 23402 | D:15     | Found a sacrificial altar of Ru.
 23406 | D:15     | Reached skill level 12 in Dodging
 23845 | D:15     | Reached skill level 13 in Dodging
 23858 | D:15     | Found a staircase to the Depths.
 23863 | Depths:1 | Entered Level 1 of the Depths
 24007 | Depths:1 | Received a gift from Trog
 24008 | Depths:1 | Lost intelligence.
 24021 | Depths:1 | Got an iridescent battleaxe {god gift}
 24022 | Depths:1 | Identified the +4 battleaxe of Fear {chop, rF- SInv} (Trog gifted it to you on level 1 of the Depths)
 24025 | Depths:1 | Found a snail-covered altar of Cheibriados.
 24039 | Depths:1 | Found a gateway to Hell.
 24101 | Depths:1 | Reached skill level 14 in Armour
 24134 | Hell     | Entered the Vestibule of Hell
 24134 | Hell     | Noticed Geryon
 24161 | Hell     | Killed Geryon
 24161 | Hell     | Reached skill level 14 in Dodging
 24186 | Hell     | Reached XP level 17. HP: 99/158 MP: 0/6
 24395 | Hell     | Found a gateway to the ashen valley of Gehenna.
 24431 | Geh:1    | Entered Level 1 of Gehenna
 24431 | Geh:1    | Found a gateway to Hell.
 24506 | Geh:2    | Found a gateway to Hell.
 24509 | Geh:3    | Found a gateway to Hell.
 24542 | Geh:3    | Reached skill level 15 in Armour
 24556 | Geh:3    | Noticed a Brimstone Fiend
 24564 | Geh:3    | Killed a Brimstone Fiend
 24600 | Geh:3    | Found a gateway to Hell.
 24731 | Geh:3    | Found a gateway to Hell.
 24973 | Geh:3    | Reached skill level 25 in Axes
 25024 | Geh:3    | Reached skill level 17 in Fighting
 25132 | Geh:3    | Noticed a Brimstone Fiend
 25142 | Geh:3    | Killed a Brimstone Fiend
 25241 | Geh:3    | Noticed a Brimstone Fiend
 25248 | Geh:3    | Killed a Brimstone Fiend
 25440 | Hell     | Received a gift from Trog
 25577 | Geh:3    | Noticed a Brimstone Fiend
 25583 | Geh:3    | Killed a Brimstone Fiend
 25618 | Geh:3    | Noticed a Brimstone Fiend
 25911 | Geh:2    | Found a gateway to Hell.
 26066 | Geh:2    | Found a gateway to Hell.
 26362 | Geh:1    | Noticed a Brimstone Fiend
 26366 | Geh:1    | Killed a Brimstone Fiend
 26406 | Geh:1    | Noticed a Brimstone Fiend
 26409 | Geh:1    | Killed a Brimstone Fiend
 26461 | Geh:3    | Killed a Brimstone Fiend
 26461 | Geh:3    | Reached skill level 18 in Fighting
 26461 | Geh:3    | Reached XP level 18. HP: 166/172 MP: 7/7
 26506 | Geh:4    | Found a gateway to Hell.
 26591 | Geh:5    | Found a gateway to Hell.
 26611 | Geh:5    | Reached skill level 26 in Axes
 26643 | Geh:5    | Noticed a Brimstone Fiend
 26652 | Geh:5    | Killed a Brimstone Fiend
 26655 | Geh:5    | Reached skill level 19 in Fighting
 26710 | Geh:6    | Found a gateway to Hell.
 26710 | Geh:6    | Found a gateway to Hell.
 26898 | Geh:7    | Entered Level 7 of Gehenna
 26898 | Geh:7    | Found a gateway to Hell.
 26898 | Geh:7    | Found a gateway to Hell.
 26898 | Geh:7    | Found a gateway to Hell.
 26990 | Geh:7    | Reached skill level 20 in Fighting
 27007 | Geh:7    | Noticed a Brimstone Fiend
 27008 | Geh:7    | Killed a Brimstone Fiend
 27042 | Geh:7    | Noticed a Brimstone Fiend
 27047 | Geh:7    | Killed a Brimstone Fiend
 27225 | Geh:7    | Noticed the Serpent of Hell
 27226 | Geh:7    | Reached XP level 19. HP: 177/187 MP: 7/7
 27239 | Geh:7    | HP: 3/187 [the Serpent of Hell/blast of hellfire (29)]
 27242 | Geh:7    | Slain by the Serpent of Hell

Vanquished Creatures
  Geryon (Hell)
  10 Brimstone Fiends
  2 liches
  2 deep elf blademasters (Elf:3)
  2 eldritch tentacles
  A tentacled starspawn (Abyss:1)
  2 fire giants (Geh:7)
  An emperor scorpion (Depths:1)
  Aizul (Elf:3)
  3 deep elf sorcerers (Elf:3)
  A cacodemon (Hell)
  An orc warlord (Orc:4)
  6 balrugs
  Gastronok (Orc:3)
  A very ugly thing (Abyss:1)
  5 reapers
  12 salamander firebrands
  7 deep elf demonologists
  5 deep elf annihilators (Elf:3)
  A lorocyproca (Hell)
  An ettin (Orc:4)
  Snorg (Orc:1)
  A minotaur (Lab)
  A mummy priest (Elf:2)
  12 deep elf death magi
  2 merfolk impalers (Depths:1)
  A yaktaur captain (D:14)
  2 hydras
  A quicksilver dragon zombie (Geh:3)
  An ice dragon (Elf:2)
  A rakshasa (D:15)
  A quicksilver dragon skeleton (Geh:6)
  Erica (D:12)
  2 ogre magi
  2 tengu warriors
  4 orc high priests
  2 vampire magi (Elf:2)
  3 thrashing horrors (Abyss:1)
  Urug (D:11)
  4 hell beasts (Hell)
  7 hell hogs
  10 sun demons
  A soul eater (Abyss:1)
  4 salamander mystics
  24 hell knights
  A titan skeleton (Geh:6)
  A wretched star (Abyss:1)
  5 deep elf knights
  2 ice devils (Hell)
  A storm dragon skeleton (Geh:5)
  2 giant orange brains (Depths:1)
  A shadow wraith (Abyss:1)
  A flayed ghost (Geh:5)
  4 skeletal warriors
  A spatial maelstrom (Abyss:1)
  A golden dragon zombie (Geh:3)
  5 unseen horrors
  2 wizards (D:15)
  An anaconda zombie (Geh:6)
  9 deep elf summoners
  An anaconda skeleton (Geh:5)
  A golden dragon skeleton (Hell)
  Pikel (D:8)
  4 hill giants
  3 wolf spider zombies
  6 cyclopes
  6 deep elf conjurers
  8 necromancers
  14 salamanders
  2 manticores
  2 frost giant zombies
  3 fire giant zombies
  An orc knight (Orc:4)
  3 sixfirhies
  2 orc sorcerers
  3 shadow dragon skeletons
  A stone giant zombie (Geh:3)
  A phantasmal warrior (Geh:5)
  13 ugly things
  A wolf spider (D:15)
  A frost giant skeleton (Geh:3)
  Maurice (D:8)
  A dire elephant zombie (Geh:7)
  Joseph (D:8)
  A worldbinder (Abyss:1)
  A fire giant skeleton (Geh:3)
  A molten gargoyle (Hell)
  A stone giant skeleton (Geh:3)
  A shock serpent zombie (Geh:3)
  5 smoke demons
  A rust devil (Geh:5)
  2 orange demons (Hell)
  7 yaktaurs
  Psyche (D:11)
  2 kobold demonologists (Elf:2)
  3 efreet
  6 hellions
  2 freezing wraiths
  4 tormentors
  3 demonic crawlers
  12 red devils
  3 tengu conjurers (D:15)
  3 blue devils
  3 deep elf priests
  3 polar bears (Elf:2)
  A jumping spider (Elf:3)
  8 trolls
  A trapdoor spider zombie (D:12)
  Grinder (D:5)
  9 two-headed ogres
  Prince Ribbit (D:5)
  3 raiju (Abyss:1)
  2 harpy skeletons
  A hydra skeleton (Geh:3)
  7 ravens
  An alligator zombie (Geh:1)
  15 slime creatures
  A wandering mushroom (D:9)
  2 ettin zombies (Geh:5)
  14 flying skulls
  8 shadows
  A basilisk (D:12)
  A hungry ghost (D:14)
  5 necrophages
  8 vampires
  An alligator skeleton (Geh:3)
  3 tarantellas
  5 redbacks
  A black mamba skeleton (Geh:5)
  6 water elementals
  14 fire elementals
  4 fire dragon skeletons
  An ettin skeleton (Geh:7)
  23 yaks
  14 deep elf magi
  A spriggan (shapeshifter) (D:14)
  4 ynoxinuls
  7 hippogriffs
  2 wyverns
  2 golden eyes (Abyss:1)
  A golden eye (shapeshifter) (D:15)
  Grum (D:12)
  12 wraiths
  2 neqoxecs
  2 wargs
  3 vampire mosquitoes (D:12)
  6 deep elf fighters
  A spatial vortex (Abyss:1)
  2 wolves (D:12)
  2 human zombies (Geh:3)
  3 soldier ants
  2 spiny frog zombies
  A black bear (D:7)
  An eye of draining (D:11)
  7 ice beasts
  25 hell hounds
  The ghost of UristPineapples the Changer, an average FeTm of Sif Muna (D:5)
  A phantom (D:5)
  A swamp dragon zombie (Geh:7)
  2 snapping turtle zombies
  3 sky beasts
  13 small abominations
  A dwarf (shapeshifter) (Abyss:1)
  29 orc warriors
  A swamp dragon skeleton (Geh:3)
  2 boggarts (Elf:2)
  A snapping turtle skeleton (Geh:3)
  27 ogres
  Sigmund (D:7)
  12 giant frogs
  A salamander zombie (Geh:4)
  3 elf zombies (Elf:1)
  2 brain worms
  12 large abominations
  A big kobold (D:11)
  19 killer bees
  6 scorpions
  26 wights
  8 electric eels
  A goliath beetle (D:6)
  26 orc priests
  2 giant frog zombies
  6 jellies
  4 starcursed masses (Abyss:1)
  A two-headed ogre zombie (Orc:4)
  A quasit (Abyss:1)
  5 centaur zombies
  6 crimson imps
  33 orc wizards
  6 hounds
  6 centaur skeletons
  5 giant frog skeletons
  An iron imp (Abyss:1)
  Natasha (thrice) (D:5)
  15 worker ants
  3 iguanas
  14 hell rats
  A killer bee zombie (D:10)
  An ogre zombie (Hell)
  2 sheep (D:11)
  A giant frog simulacrum (D:12)
  A hound skeleton (D:7)
  3 mummies
  11 adders
  17 gnolls
  3 white imps
  3 worms
  2 giant mites
  4 shadow imps
  12 ufetubi (Abyss:1)
  2 adder zombies
  6 giant geckos
  An ooze (D:4)
  209 orcs
  4 ball pythons
  14 bats
  A bat skeleton (D:7)
  5 giant cockroaches
  28 goblins
  20 hobgoblins
  7 jackals
  27 kobolds
  4 quokkas
  2 giant newts
  A lurking horror (Abyss:1)
  2 orc zombies (D:5)
  A quokka skeleton (D:4)
  8 rats
  A ballistomycete (D:12)
  2 crawling corpses (Elf:3)
1303 creatures vanquished.

Vanquished Creatures (collateral kills)
  A deep elf master archer (Elf:3)
  2 tentacled starspawn (Abyss:1)
  3 deep elf sorcerers (Elf:3)
  A deep elf annihilator (Elf:3)
  A rakshasa (Abyss:1)
  An orc high priest (Orc:4)
  A thrashing horror (Abyss:1)
  A hell knight (Geh:3)
  A hill giant (D:13)
  3 orc sorcerers (Orc:4)
  3 orc knights (Orc:4)
  A worldbinder (Abyss:1)
  An apocalypse crab (Abyss:1)
  A rust devil (Orc:4)
  3 orange demons
  A deep elf priest (Elf:3)
  6 large abominations (Abyss:1)
  2 ancient zymes (Abyss:1)
  An ice dragon zombie (Abyss:1)
  A raiju (Abyss:1)
  An ettin skeleton (Geh:7)
  A water elemental (D:13)
  5 small abominations (Abyss:1)
  A dire elephant simulacrum (Abyss:1)
  2 neqoxecs (Abyss:1)
  3 orc warriors (Orc:4)
  4 centaurs (D:13)
  An electric eel (D:13)
  A quasit (Abyss:1)
  4 orc priests (Orc:4)
  2 orc wizards (Orc:4)
  A worker ant (D:13)
  An ufetubus (Abyss:1)
  4 orcs (Orc:4)
  A goblin (Orc:4)
  A kobold skeleton (Abyss:1)
  3 starspawn tentacles (Abyss:1)
71 creatures vanquished.

Vanquished Creatures (others)
  2 deep elf high priests (Elf:3)
  A deep troll (Elf:3)
  A necromancer (Geh:3)
  A frost giant skeleton (Geh:5)
  A two-headed ogre (Elf:3)
  A polar bear (D:13)
  A troll (Orc:4)
  A human zombie (Geh:3)
  6 ogres
  A necrophage (D:8)
  2 lost souls
  A giant frog (D:8)
  A kobold (D:9)
  A giant spore (D:12)
  A crawling corpse (Elf:3)
  11 eldritch tentacle segments
  5 fungi
  A starspawn tentacle (Abyss:1)
  37 starspawn tentacle segments (Abyss:1)
76 creatures vanquished.

Grand Total: 1450 creatures vanquished
